[Event "Women Accentus DAQ Blitz 2022"]
[Site "Biel"]
[Date "2022.07.17"]
[Round "8.4"]
[White "Moracchini, Margaux"]
[Black "Sumarriva Paulin, Laura"]
[Result "1-0"]
[ECO "C09"]
[WhiteElo "1937"]
[BlackElo "1913"]
[Annotator "TA"]
[PlyCount "93"]
[EventDate "2022.07.17"]
[EventType "tourn"]
[EventCountry "SUI"]
[SourceTitle "playchess.com"]
[Source "ChessBase"]
[SourceQuality "1"]
[TimeControl "180+2"]

1. e4 e6 2. d4 d5 3. Nd2 c5 4. exd5 exd5 5. Bb5+ Nc6 6. Ngf3 Qe7+ {[%emt 0:00:02] outshines the older 6...Bd6.} 7. Be2 Qc7 {[%emt 0:00:02] C09: French Tarrasch: 3...c5 4 exd5 exd5 5 Ngf3 Nc6.} ({Don't take} 7... Nxd4 8. Nxd4 cxd4 9. O-O $16) 8. O-O Nf6 9. Re1 Be7 {[%emt 0:00:03] The position is equal.} 10. dxc5 Bxc5 11. Nb3 Be7 {[%emt 0:00:04] [#]} 12. Bb5 $146 ({Predecessor:} 12. h3 h6 13. Bd3 O-O 14. c3 Re8 15. Bc2 Bd7 16. Be3 Rad8 17. Bc5 Bxc5 18. Nxc5 Rxe1+ 19. Qxe1 {½-½ (46) Gonzalez Vidal,Y (2543)-Harikrishna,P (2743) Tbilisi 2017}) 12... O-O 13. Bg5 a6 14. Bxc6 bxc6 15. Nbd4 (15. Qd3 $11) 15... c5 (15... h6 $5 16. Bh4 c5 $15) 16. Nc6 Qxc6 ({Black should play} 16... Bd6 $19 17. Bxf6 gxf6 18. Qxd5 Bb7) 17. Rxe7 $11 Ne4 (17... h6 $11 18. Bxf6 Qxf6) 18. Bf4 (18. Ne5 $14 Qa4 {[#]} 19. Nxf7 $1 (19. Qxd5 Be6 $14) 19... Rxf7 20. Rxf7 (20. Qxd5 Nxg5 21. Rxf7 Nxf7 $16) 20... Nxg5 21. Qxd5 Nxf7 22. Qxa8) 18... Bg4 $15 19. Rc7 (19. Re5 $15) 19... Qf6 $17 20. Be5 Qf5 {[%emt 0:00:22] [#] White must now prevent ...Bxf3.} 21. Bg3 Ng5 $2 (21... Rae8 $17 {keeps the pressure on.}) 22. Nh4 $16 {[%emt 0:00:21][%cal Bf3h4,Bh4f5,Bf5e7,Be7d5,Bd5e3][%mdl 32] White stays focused until the end.} Bxd1 23. Nxf5 Bxc2 24. Ne7+ Kh8 25. Rxc5 Be4 26. Nxd5 {[%emt 0:00:02] Strongly threatening Nb6.} Ne6 27. Ra5 {[%emt 0:00:04] White is more active.} Rad8 28. Ne3 Rd2 29. b3 Bd3 $2 (29... Bb7 $16 {is a better defense.} 30. Nc4 Rd5 31. Rxd5 Bxd5) 30. h3 $2 (30. Rd5 $18 {and the rest is easy.}) 30... h6 $2 (30... Nd4 $16 {keeps fighting.} 31. Nc4 Bxc4) 31. Rd5 $18 Nc7 $2 (31... Rd8 32. Bd6 Kh7) 32. Bxc7 Rc8 33. Rd8+ (33. Ba5 $142) 33... Rxd8 34. Bxd8 Be4 35. Bh4 Rd7 36. Rc1 Kh7 37. Rd1 Rc7 38. Bg3 Rc6 39. Rd4 Bg6 40. Kh2 Rc3 41. Rd6 Bd3 42. Nd5 Rc2 43. Nb4 Rd2 44. Rxd3 Rxd3 45. Nxd3 {[%emt 0:00:01] White mates.} Kg6 46. Nc5 a5 47. Nb7 {[%emt 0:00:06] Weighted Error Value: White=0.49/Black=0.57} 1-0

[Event "Women Accentus DAQ Blitz 2022"]
[Site "Biel"]
[Date "2022.07.17"]
[Round "9.1"]
[White "Moracchini, Margaux"]
[Black "Cornileau, Juliette"]
[Result "0-1"]
[ECO "B19"]
[WhiteElo "1937"]
[BlackElo "1900"]
[Annotator "TA"]
[PlyCount "62"]
[EventDate "2022.07.17"]
[EventType "tourn"]
[EventCountry "SUI"]
[SourceTitle "playchess.com"]
[Source "ChessBase"]
[SourceQuality "1"]
[TimeControl "180+2"]

1. e4 c6 2. d4 d5 3. Nd2 dxe4 4. Nxe4 Bf5 5. Ng3 Bg6 6. h4 h6 7. h5 Bh7 8. Nf3 e6 9. Bd3 Bxd3 10. Qxd3 Nf6 11. Bd2 Bd6 {[%emt 0:00:05] B19: Classical Caro-Kann: 4...Bf5 main line.} 12. Ne2 Qc7 13. g3 Nbd7 {[%emt 0:00:10] Black has an edge.} 14. O-O-O O-O-O 15. Bf4 {[%emt 0:00:02] [#]} Nb6 $146 ({Predecessor:} 15... Rhe8 16. Bxd6 Qxd6 17. Nf4 Nd5 18. Nxd5 exd5 19. Qf5 Qe6 20. Qxe6 Rxe6 21. Rde1 Rde8 22. Kd2 Rxe1 23. Rxe1 Rxe1 24. Kxe1 Kd8 25. g4 Ke7 26. Ke2 {½-½ (26) Roos,C (2100)-Daumen,M (2130) Reil 2011}) 16. c4 (16. Bxd6 $14 Rxd6 17. Ne5) 16... Bxf4+ 17. Nxf4 c5 18. Ne2 (18. Kb1 $15) 18... cxd4 $17 19. Nfxd4 e5 ({Worse is} 19... Nxc4 20. Kb1 Ne5 21. Qb5 $17) (19... Qxc4+ 20. Qxc4+ Nxc4 21. Kb1) 20. Qf5+ Kb8 21. Nc2 (21. Nb5 $17 Qxc4+ 22. Nbc3) 21... Nxc4 $19 22. Nc3 Qb6 {[%emt 0:00:13][%csl Gc4][%cal Rb6b2] [#] Inhibits Ne3.} 23. b3 Qa5 24. Na4 Nb6 (24... Nd6 $19 25. Qd3 Nde4) 25. Nxb6 $17 axb6 ({Reject} 25... Qxb6 $6 26. Rxd8+ Rxd8 27. Qxe5+ Ka8 28. Qf5 $15) 26. Kb1 Ka7 {[%emt 0:00:15] And now ...Nd5 would win.} 27. Rhe1 {[%emt 0:00:02] This costs White the game.} (27. Ne3 $17 {is a better defense.}) 27... Nd5 $19 {[%emt 0:00:02][%cal Bf6d5,Bd5c3,Bc3d1][%mdl 32] Hoping for ...Nc3+.} 28. Rxe5 $2 {[%emt 0:00:24] [#]} (28. Kb2 $19 Qc3+ 29. Kb1) 28... Nc3+ {[%emt 0:00:02] Black mates.} 29. Kb2 Nxd1+ 30. Kc1 Qd2+ 31. Kb1 Qc3 {[%emt 0:00:00] Weighted Error Value: White=0.61/Black=0.25 (precise)} 0-1

[Event "Women Accentus DAQ Blitz 2022"]
[Site "Biel"]
[Date "2022.07.17"]
[Round "9.2"]
[White "Sumarriva Paulin, Laura"]
[Black "Ciarletta, Iris"]
[Result "0-1"]
[ECO "A59"]
[WhiteElo "1913"]
[BlackElo "1717"]
[Annotator "TA"]
[PlyCount "94"]
[EventDate "2022.07.17"]
[EventType "tourn"]
[EventCountry "SUI"]
[SourceTitle "playchess.com"]
[Source "ChessBase"]
[SourceQuality "1"]
[TimeControl "180+2"]

1. d4 Nf6 2. c4 c5 3. d5 b5 4. cxb5 a6 5. bxa6 Bxa6 6. Nc3 d6 7. e4 Bxf1 8. Kxf1 g6 9. Nf3 Bg7 10. g3 O-O 11. Kg2 Nbd7 12. a4 {[%emt 0:00:01] seems to push 12.Re1 aside. A59: Benko/Volga Gambit: White castles by hand.} Nb6 13. Qc2 {[%emt 0:00:07] [#]} Nfd7 $146 ({Predecessor:} 13... Ra6 14. Bg5 Qa8 15. Rhd1 Rb8 16. b3 Rc8 17. Ra2 Qb7 18. h3 Nbd7 19. Nb5 Nb8 20. Qe2 {1-0 (43) Nguyen,H (2492)-Nomin Erdene,D (2314) Kecskemet 2014}) 14. Bd2 (14. b3 $142) 14... Nc4 $16 15. b3 Nxd2 16. Qxd2 (16. Nxd2 $14 Qa5 17. Rac1) 16... Qb8 (16... Qa5 $11 17. Rhc1 Qb4) 17. Rab1 $14 Ne5 (17... Qb4 18. Nb5 $16) (17... Qb7 $11 {keeps the balance.}) 18. Nxe5 $16 Bxe5 19. Nb5 Qb7 20. h4 ({White should try} 20. f4 $16 Bg7 21. Qd3) 20... h5 (20... c4 $1 $14) 21. g4 (21. f4 $16 Bg7 22. Qd3) 21... Qd7 (21... c4 $5) 22. Qe2 (22. f3 $11) 22... Qxg4+ $15 23. Qxg4 hxg4 24. h5 g5 (24... c4 $15) 25. h6 {[%emt 0:00:18] [#]} (25. Na3 $1 $11 {remains equal.}) 25... f5 $2 (25... c4 $1 $17 {...Kh7 is the strong threat.} 26. Rh5 (26. bxc4 Rxa4 27. Rh5 Kh7 $17) 26... cxb3 27. Rxb3 (27. Rxg5+ Kh7 $17) 27... Rxa4 28. Rxg5+ Kh7 29. Rxg4 f5) 26. exf5 ({Better is} 26. Nc7 $14 Rab8 27. Ne6) 26... Rxf5 $11 27. Nc7 Raf8 28. Rbf1 Bd4 (28... Kh7 $11) 29. Kg3 $2 ({White should play} 29. Ne6 $16) 29... Rxf2 {[%emt 0:00:27] Black is more active.} (29... Bxf2+ $15 {stays ahead.} 30. Kxg4 Rf4+ 31. Kh5 g4) 30. Rxf2 (30. h7+ $142 Kh8 31. Rxf2 Bxf2+ 32. Kxg4 Rf4+ 33. Kxg5) 30... Rxf2 $2 (30... Bxf2+ 31. Kxg4 Rf4+ 32. Kxg5 Be3) 31. Kxg4 $2 $15 {[%emt 0:00:03][%mdl 4096] Endgame KRB-KRN} (31. Ne6 $18) 31... Kh7 $2 (31... Rg2+ $16 32. Kf5 g4) 32. Ne6 $18 Be3 33. Nxg5+ Bxg5 (33... Kh8 $142 34. Nf3 Rb2) 34. Kxg5 {[%emt 0:00:02] KR-KR} Rg2+ 35. Kf5 Re2 36. Rg1 $2 (36. a5 $18 Re5+ 37. Kg4 Re4+ 38. Kg5 (38. Kf3 Rb4 $18) 38... Re5+ 39. Kf4 Rxd5 40. a6) 36... Kxh6 $2 {[%emt 0:00:03][%mdl 8192] [#]} (36... Re5+ $11 37. Kf4 Rxd5) 37. Rg6+ $2 (37. a5 $1 $18 {[%cal Ra5a6] Hoping for a6.} Ra2 38. Re1 Rxa5 39. Re6+ (39. Rxe7 Rb5 $18) 39... Kh7 40. Rxe7+ Kh6 41. Ke6) 37... Kh5 $11 38. Re6 {[%emt 0:00:03] Against Re5+} Rf2+ 39. Ke4 {[%emt 0:00:02] And now Kd3 would win.} Rb2 40. Rxe7 $2 (40. Kf4 $11) 40... Re2+ $19 {[%emt 0:00:01][%mdl 64] Skewer} 41. Kf5 Rxe7 {[%emt 0:00:01] KR-K3P} 42. Kf6 Re5 43. a5 Rxd5 44. a6 Rd1 45. Ke6 Ra1 46. a7 Rxa7 47. Kxd6 Rb7 {[%emt 0:00:01] Weighted Error Value: White=0.99/Black=0.83} 0-1

[Event "Women Accentus DAQ Blitz 2022"]
[Site "Biel"]
[Date "2022.07.17"]
[Round "9.3"]
[White "Keymer, Cecilia"]
[Black "Tamrazyan, Gohar"]
[Result "0-1"]
[ECO "D32"]
[WhiteElo "1652"]
[BlackElo "1916"]
[Annotator "TA"]
[PlyCount "107"]
[EventDate "2022.07.17"]
[EventType "tourn"]
[EventCountry "SUI"]
[SourceTitle "playchess.com"]
[Source "ChessBase"]
[SourceQuality "1"]
[TimeControl "180+2"]

1. d4 d5 2. c4 e6 3. Nc3 c5 4. cxd5 exd5 5. Nf3 Nc6 6. Bg5 Be7 7. Bxe7 Ngxe7 8. dxc5 d4 {[%emt 0:00:03] The main line 8...d4 scores better than 8...Qa5.} 9. Ne4 O-O $1 10. Nd6 {[%emt 0:00:10] D32: Tarrasch Defence: Sidelines and lines without g3.} (10. Rc1 $11 {remains equal.}) 10... Qa5+ $17 11. Qd2 Qxc5 12. Nxc8 {[%emt 0:00:08] Black is slightly better.} Raxc8 13. Rc1 {[%emt 0:00:03] [#]} Qb4 $146 {[%emt 0:00:22] Black is more active.} (13... Qd6 $17 14. g3 Nb4) ({Predecessor:} 13... Qf5 14. Rd1 Rfd8 15. g4 Qe6 16. Ng5 Qxa2 17. Bg2 d3 18. O-O Qc4 19. exd3 Qxg4 {1-0 (44) Krumina,L (2109)-Golsta,R (1696) Riga 2018}) 14. e3 (14. g3 $11 {keeps the balance.}) 14... dxe3 15. fxe3 Qxd2+ ({Better is} 15... Qb6 $17 {[%cal Oe7d5] And now ...Nd5! would win.} 16. Rc3 Rfd8) 16. Kxd2 $15 Rfd8+ 17. Ke1 g6 (17... Nb4 $17 18. Rxc8 Rxc8) 18. Kf2 $11 Nb4 19. Bc4 $1 a6 20. a3 Nbd5 21. Rhd1 Nb6 22. Be2 Rxd1 23. Rxc8+ (23. Rxd1 $11 Kg7 24. g3) 23... Nbxc8 (23... Nexc8 $17 24. Bxd1 Nc4) 24. Bxd1 {[%emt 0:00:01][%mdl 4096] Endgame KBN-KNN} b6 25. Nd4 Nd6 26. Be2 a5 27. Kf3 Kg7 28. e4 Kf6 29. Ke3 h6 30. Nf3 Ke6 31. Bd3 Nc6 32. Nd4+ Nxd4 33. Kxd4 {[%emt 0:00:01] KB-KN} f6 {[%emt 0:00:06][%cal Bf7f6,Bf6f5,Bf5e4][%mdl 32] Against e5} 34. Ke3 (34. Bc4+ $5 Kd7 35. Be2 $14) 34... Ke5 35. Bc2 ({White should play} 35. b4 $11) 35... Nc4+ $15 36. Kf3 $2 {[%emt 0:00:04][%mdl 8192] Now White is beyond hope.} (36. Kd3 $17 b5 37. Kc3) 36... Nxb2 $19 37. Bb3 Nd3 {[%emt 0:00:04] [#] Hoping for ...Kd4.} 38. Bd5 f5 {[%emt 0:00:07] White must now prevent ...Kd4.} 39. Bc4 (39. Ba8 $142 f4 40. a4) 39... fxe4+ 40. Ke3 Nc5 {[%emt 0:00:03] Strongly threatening ...Na4.} 41. Bf7 g5 42. g3 Nd7 {[%emt 0:00:03] aiming for ...b5.} 43. Bb3 Nf6 44. Bc2 Ng4+ 45. Ke2 Nxh2 46. Kf2 Ng4+ 47. Ke2 Kd4 48. Ke1 Ke3 49. Kf1 Kf3 {[%emt 0:00:01] Black mates.} 50. Ke1 e3 51. Kf1 e2+ 52. Ke1 Ne3 53. Bd3 Ng2+ 54. Kd2 {[%emt 0:00:02] Weighted Error Value: White=1.00/Black=0.39} 0-1

[Event "Women Accentus DAQ Blitz 2022"]
[Site "Biel"]
[Date "2022.07.17"]
[Round "10.1"]
[White "Cornileau, Juliette"]
[Black "Avilova, Yulia"]
[Result "0-1"]
[ECO "D35"]
[WhiteElo "1900"]
[BlackElo "1646"]
[Annotator "TA"]
[PlyCount "64"]
[EventDate "2022.07.17"]
[EventType "tourn"]
[EventCountry "SUI"]
[SourceTitle "playchess.com"]
[Source "ChessBase"]
[SourceQuality "1"]
[TimeControl "180+2"]

1. d4 d5 2. c4 e6 3. Nc3 Nf6 4. cxd5 exd5 5. Bg5 Be7 6. e3 O-O 7. Bd3 Nbd7 8. Nge2 b6 {[%emt 0:00:01] 8...c6 gains popularity.} 9. O-O Bb7 10. f3 {[%emt 0:00:01] D35: Queen's Gambit Declined: Exchange Variation.} (10. Ng3 $14) 10... c5 (10... Nh5 $5 11. Bxe7 Qxe7 $11) 11. Kh1 {[%emt 0:00:03] [#]} Kh8 $146 ({Predecessor:} 11... Re8 12. dxc5 Nxc5 13. Bb5 Rf8 14. Nf4 h6 15. Bxf6 Bxf6 16. Nfxd5 Bxd5 17. Nxd5 Bxb2 {1-0 (58) Yellamraju,A-Velea,A Montevideo 2016}) 12. Qc2 {[%emt 0:00:30] The position is equal.} h6 (12... Nh5 $142 $1 13. Bxe7 Qxe7) 13. Bf4 g5 (13... Re8 $11) 14. Be5 ({Better is} 14. Bg3 $16) 14... Rg8 $2 (14... Nxe5 $11 {and Black stays safe.} 15. dxe5 Nh5) 15. Ng3 Nxe5 16. dxe5 Nd7 17. Nf5 (17. Rad1 $16) 17... Nxe5 (17... Qf8 $1 $11) 18. Nxh6 $16 {[%emt 0:00:03] Threatens to win with f4.} Rf8 (18... Rg7 $1 $14) 19. f4 $18 Nxd3 20. Qxd3 {[%emt 0:00:01] Strongly threatening fxg5.} d4 $2 (20... Qd7) 21. Ne2 $2 {[%emt 0:00:35] Pair of Knights!} ({White has to play} 21. exd4 $18 Qd7 22. d5) 21... Qd5 $17 22. Rg1 {[%emt 0:00:01] [#]} (22. e4 $17 Qxe4 23. Qxe4 Bxe4 24. Ng3) 22... Rae8 $2 (22... Qe6 $1 $19 23. Nf5 Be4) 23. exd4 $15 gxf4 $2 (23... Bc8 $15 24. Ng3 f5) 24. Nxf4 $2 (24. Qh3 $18 {is the precise move to win. Nf5+ would kill now.} Qc6 25. Nxf4) 24... Qxd4 $16 {[%emt 0:00:02] [#]} 25. Qh3 $1 Qxf4 $11 26. Nf5+ Kg8 27. Nh6+ (27. Raf1 $11 {was the only way to keep the balance.} Qg5 28. Rf3 Bxf3 29. gxf3 Qxg1+ 30. Kxg1) 27... Kh8 (27... Kh7 $17 28. Nf5+ Kg6) 28. Nf5+ Kg8 29. Raf1 Qg5 30. Nh6+ (30. Rf3 $1 $11 {remains equal.} Bxf3 31. gxf3 Qxg1+ 32. Kxg1) 30... Kg7 31. Nf5+ Kg6 {[%emt 0:00:06] And now ...Be4 would win.} ({Much worse is} 31... Kg8 $6 32. Rf3 Bxf3 33. gxf3 Qxg1+ 34. Kxg1 $11) 32. Ng3 {[%emt 0:00:07][%mdl 8192] Prevents Be4.} (32. Qd3 $17 Bf6 33. Nd6+ Kg7 34. Rf3) 32... Bc8 {[%emt 0:00:00] Black used his chance.  Weighted Error Value: White=1.18/Black=0.80} 0-1

[Event "Women Accentus DAQ Blitz 2022"]
[Site "Biel"]
[Date "2022.07.17"]
[Round "10.2"]
[White "Zhuang, Yongzhe"]
[Black "Keymer, Cecilia"]
[Result "1-0"]
[ECO "C54"]
[WhiteElo "1838"]
[BlackElo "1652"]
[Annotator "NA COMBH"]
[PlyCount "140"]
[EventDate "2022.07.17"]
[EventType "tourn"]
[EventCountry "SUI"]
[SourceTitle "playchess.com"]
[Source "ChessBase"]
[SourceQuality "1"]
[TimeControl "180+2"]

1. e4 e5 2. Nf3 Nc6 3. Bc4 Bc5 4. c3 Nf6 5. d3 d6 6. h3 a6 7. b4 Ba7 8. a4 Ne7 9. Bg5 Ng6 10. Qb3 O-O 11. O-O h6 12. Bd2 Qe7 13. Na3 Be6 14. Rfe1 Rfe8 15. Rad1 Bxc4 16. Nxc4 Qe6 17. Qc2 Rad8 18. Na5 Qc8 19. Nc4 Qe6 20. Ne3 Nf4 21. Nf5 N6h5 22. d4 exd4 23. cxd4 Qg6 24. N3h4 Qe6 25. Qc1 Ng6 26. Qc3 c6 27. Qf3 Nf6 28. Nxg6 fxg6 29. Ng3 Rf8 30. Qd3 Nd7 31. Be3 d5 32. e5 Rde8 33. Rc1 Rf7 34. b5 axb5 35. axb5 Ref8 36. bxc6 bxc6 37. Ra1 Bb6 38. Ra6 Qe7 39. Rc1 Rc8 40. Ra3 Bd8 41. Ra7 Qe6 42. Rca1 Bb6 43. Rb7 Rff8 44. Qa6 Bd8 45. Qa7 Rf7 46. Ra6 Bg5 47. Bxg5 hxg5 48. Ra2 Rd8 49. Qa4 Rb8 50. Rc7 Nb6 51. Qxc6 Qxc6 52. Rxc6 Nc4 53. e6 Rb1+ 54. Kh2 Rf8 55. e7 Re8 56. Re6 Rb7 57. Rae2 Nd6 58. Rxd6 Rexe7 59. Rxe7 Rxe7 60. Rxd5 Kf7 61. Rxg5 Kf6 62. Ra5 Rd7 63. d5 Ke5 64. Ra6 g5 65. d6 Rxd6 66. Rxd6 Kxd6 67. Nf5+ Ke6 68. Nxg7+ Kf6 69. Nh5+ Kg6 70. g4 Kf7 1-0

[Event "Women Accentus DAQ Blitz 2022"]
[Site "Biel"]
[Date "2022.07.17"]
[Round "10.3"]
[White "Tamrazyan, Gohar"]
[Black "Sumarriva Paulin, Laura"]
[Result "1/2-1/2"]
[ECO "D00"]
[WhiteElo "1916"]
[BlackElo "1913"]
[Annotator "TA"]
[PlyCount "111"]
[EventDate "2022.07.17"]
[EventType "tourn"]
[EventCountry "SUI"]
[SourceTitle "playchess.com"]
[Source "ChessBase"]
[SourceQuality "1"]
[TimeControl "180+2"]

1. d4 d5 2. Nc3 Nf6 3. Bf4 c5 4. e4 e6 5. exd5 exd5 6. Nf3 {[%emt 0:00:06] D00: 1 d4 d5: Unusual lines.} Nc6 $2 (6... c4 $11) 7. Bb5 $2 {[%emt 0:00:05] [#]} ({Only move:} 7. Nb5 $1 $18 ) 7... Bd6 $146 {[%emt 0:00:28] Prevents Nc7.} ({Predecessor:} 7... Bg4 8. O-O Be7 9. dxc5 O-O 10. h3 Bh5 11. g4 Bg6 12. g5 Ne4 13. Nxd5 Bxc5 {1-0 (52) Prie,E (2493)-Doluhanova,E (2320) Montpellier 2013}) 8. Bxd6 Qxd6 9. O-O O-O 10. dxc5 Qxc5 11. Be2 Bf5 12. Bd3 Bg4 13. h3 Bh5 14. Be2 Rfe8 15. Nb5 $2 {[%emt 0:00:06][%mdl 8192] Inhibits d4.} (15. Nd2 $15) 15... Rad8 $2 ({Better is} 15... Bxf3 $19 16. gxf3 Rad8) 16. Nbd4 $15 Qb6 (16... Re4 $5 17. c3 Rde8 $11) 17. b3 (17. Rb1 $15) 17... Ne4 $1 $17 18. Qd3 {[%emt 0:00:13] Against Nc3} (18. g4 $2 Nc3 19. Qd3 Nxd4 20. Nxd4 Qxd4 $3 $19 ) (18. Nxc6 $17 Nc3 19. Nxd8 (19. Ne7+ $2 Rxe7 20. Qd3 Nxe2+ $19) 19... Nxd1 20. Bxd1) 18... Nb4 (18... Bxf3 $19 19. Nxf3 Ng3) 19. Qb5 Nc3 20. Qxb6 Nxe2+ (20... axb6 $17 21. Bd3 Bxf3 22. Nxf3 Ncxa2) 21. Nxe2 $11 axb6 22. Ned4 Re4 (22... Bxf3 $11 23. Nxf3 Nxc2) 23. c3 Nc6 24. Rae1 Rde8 25. Rxe4 Rxe4 (25... dxe4 $11 26. Re1 f6 27. Nxc6 bxc6) 26. Rd1 ({White should try} 26. g4 $14 Bg6 27. Kg2) 26... Nxd4 27. Rxd4 (27. cxd4 $11 Bxf3 28. gxf3) 27... Bxf3 $19 28. gxf3 (28. Rd3 {was called for.} Re1+ 29. Kh2) 28... Rxd4 29. cxd4 $11 {[%emt 0:00:00][%mdl 4096] Endgame KP-KP} Kf8 30. Kf1 Ke7 31. Ke2 Ke6 {[%emt 0:00:04] And now ...Kf5 would win.} 32. Kd3 Kf5 {[%emt 0:00:01] Strongly threatening ...Kf4.} 33. Kc3 Kf4 34. Kb4 Kxf3 35. Kb5 Kxf2 $2 (35... Ke4 36. Kxb6 Kxd4 37. Kxb7 Kc3) 36. Kxb6 $19 Ke3 37. Kxb7 {[%emt 0:00:04] [#]} f5 $1 (37... Kxd4 38. a4 f5 39. a5 $17) 38. a4 f4 (38... Kxd4 39. a5 f4 40. a6 $17) 39. a5 f3 (39... Kxd4 40. a6 f3 41. a7 $17) 40. a6 f2 (40... Kxd4 41. a7 f2 42. a8=Q $17) 41. a7 f1=Q ({Weaker is} 41... Kxd4 42. a8=Q f1=Q 43. Qa4+ Kc3 44. Qc6+ Kxb3 45. Qxd5+ Qc4 46. Qf3+ Qc3 47. Qd5+ Kb2 48. h4 $17) 42. a8=Q $17 {[%emt 0:00:02] KQ-KQ} Qf7+ (42... Kxd4 43. Qa4+ Kc3 44. Qc6+ Kxb3 45. Qxd5+ Qc4 46. Qf5 $15) ({And not} 42... Qxh3 43. Qe8+ Kxd4 44. b4 $17) 43. Kb6 (43. Kc6 {was the only chance.}) 43... Qe6+ $2 ({Inferior is} 43... Kxd4 44. Qa1+ Kd3 45. Kc5 $11) ({Black should play} 43... Qf6+ $19 44. Qc6 Qxd4+ 45. Ka5 Qa1+ 46. Kb5 d4) 44. Qc6 {[%emt 0:00:07] The position is equal.} Qxc6+ 45. Kxc6 {[%emt 0:00:01] Hoping for b4.} Kxd4 $11 {[%emt 0:00:01] K3P-KPP} 46. b4 {[%emt 0:00:00] Threatening mate with b5.} Kc4 47. b5 {[%emt 0:00:01] Intending b6 and mate.} d4 48. b6 {[%emt 0:00:01] White wants to mate with b7.} d3 49. b7 d2 50. b8=Q {[%emt 0:00:02] White threatens Qb1 and mate.} d1=Q {[%emt 0:00:02] Prevents Qb1.} 51. Qb5+ Kc3 52. Qc5+ Kb2 53. Qe5+ Kc2 54. Qc5+ Kb2 {[%emt 0:00:02] ( -> ...Qc2)} 55. Qb4+ Kc1 {[%emt 0:00:04] aiming for ...Qc2+.} 56. Qc4+ $2 {[%emt 0:00:24][%mdl 40960] Weighted Error Value: White=0.74/Black=0.44. An unexpected result.} (56. Qa3+ $11 Kd2 57. Qb4+ Kc1 58. Qa3+ Kb1 59. Qb4+ Kc1) 1/2-1/2

[Event "Women Accentus DAQ Blitz 2022"]
[Site "Biel"]
[Date "2022.07.17"]
[Round "10.4"]
[White "Ciarletta, Iris"]
[Black "Moracchini, Margaux"]
[Result "1-0"]
[ECO "E70"]
[WhiteElo "1717"]
[BlackElo "1937"]
[Annotator "TA"]
[PlyCount "149"]
[EventDate "2022.07.17"]
[EventType "tourn"]
[EventCountry "SUI"]
[SourceTitle "playchess.com"]
[Source "ChessBase"]
[SourceQuality "1"]
[TimeControl "180+2"]

1. d4 {[%emt 0:00:02] Szabo,Kr} Nf6 2. c4 g6 3. Nc3 Bg7 4. e4 d6 5. Nge2 O-O 6. Ng3 e5 7. d5 a5 8. Be2 Na6 9. h4 h5 10. Bg5 {[%emt 0:00:02][%cal Re2h5] E70: King's Indian: Miscellaneous lines with 4 e4, including 5 Nge2 and 5 Bd3 0-0 6 Nge2.} Qe8 11. Qd2 {[%emt 0:00:12] [#]} Bg4 $146 (11... Bd7 $11 {keeps the balance.}) ({Predecessor:} 11... Kh7 12. f3 Ng8 13. Nb5 b6 14. a3 Bd7 15. b4 f6 16. Be3 f5 17. exf5 gxf5 18. Bg5 e4 19. Rb1 exf3 20. gxf3 axb4 21. axb4 Bxb5 22. cxb5 {1-0 (35) Aronian,L (2794)-Naiditsch,A (2701) Karlsruhe/Baden-Baden 2018 CBM 184 [Szabo,Kr]}) 12. Bxf6 $16 {[%emt 0:00:09] White is better.} Bxe2 $4 {[%emt 0:00:05][%mdl 8192] [#]} (12... Bxf6 $16 {is a better chance.} 13. Bxg4 hxg4) 13. Bxg7 $18 ({Inferior is} 13. Kxe2 Bxf6 14. Rh3 Qe7 $15) 13... Kxg7 14. Qxe2 ({Don't play} 14. Kxe2 Qe7 15. b3 Rfe8 $18) 14... Qd7 15. Qe3 Qg4 16. Qf3 Qxf3 17. gxf3 Nc5 18. Kd2 Kh6 19. Rag1 f5 (19... a4 $142 20. Nge2 Rfe8) 20. exf5 gxf5 21. Nge2 Rg8 22. Rxg8 Rxg8 23. Rg1 {[%emt 0:00:06] Inhibits Rg2.} Rxg1 24. Nxg1 Kg6 25. Nb5 Na6 26. Nh3 Kf6 27. Ng5 Ke7 28. Ne6 c6 29. Nc3 cxd5 30. cxd5 Nb8 31. Ng7 Kf6 32. Ne8+ Ke7 33. Nc7 Nd7 34. N7b5 Nf8 35. Ne2 Ng6 36. Ng3 Nxh4 37. Nxh5 Nxf3+ 38. Ke3 Ng5 39. f4 Nf7 40. Ng3 Kf6 41. fxe5+ Kxe5 42. Ne2 {[%emt 0:00:03] Inhibits f4+. Threatens to win with Nec3.} Kxd5 43. Nf4+ Ke5 (43... Kc4 $142) 44. Nc3 Nd8 45. Ncd5 Nc6 46. a3 b5 (46... Nd4 {was worth a try.} 47. Nb6 Nc2+ 48. Kf3 Ne1+ 49. Ke3 Nc2+ 50. Kd2 Nd4) 47. Nc7 b4 $2 (47... Na7 48. Nd3+ Kf6) 48. axb4 $2 (48. Nd3+ $18 Kf6 49. axb4) 48... axb4 $2 (48... Nxb4 $14 49. Ng6+ Kf6) 49. Nd3+ Kf6 50. Nd5+ Ke6 51. N5xb4 Na5 52. Nf4+ Ke5 53. Nbd3+ Kf6 54. Kd4 Ke7 55. Kd5 {[%emt 0:00:05] [#] Strongly threatening Ne6.} Kd7 56. b4 Nb7 57. Ng6 (57. Ne6 $142 Kc8 58. Kc6 Kb8 59. Nd4 f4 60. Kd7 Ka7 61. Kc7 Ka6 62. b5+ Ka5 63. Kxb7) 57... Nd8 58. Ndf4 {[%emt 0:00:05] And now Nf8+ would win.} Nf7 59. Nh4 Ng5 60. Nxf5 Nf7 61. Nd4 (61. b5 $142 Kc7 62. Ne6+ Kb6 63. Ned4 Kc7 64. Ne3 Kc8 65. Nc4 Kd7 66. Nf5) 61... Kc7 62. Nd3 {[%emt 0:00:09] Against Ne5} Kb6 63. Nf5 (63. Nb2 $142 Kb7 64. Nc4 Kc7 65. Nb5+ Kb8 66. Ncxd6 Nh6 67. Nd4 Kc7 68. Kc5) 63... Kb5 (63... Nd8 $18 64. Nd4 (64. Nxd6 Nc6 $11) 64... Nf7) 64. Nxd6+ {[%emt 0:00:01] White mates.} Nxd6 65. Kxd6 Kb6 66. Kd5 Kb5 67. Kd4 Kb6 68. Kc4 Kc6 69. b5+ Kb6 70. Kb4 Kc7 71. Kc5 Kb7 72. Ne5 Ka8 73. Kb6 Kb8 74. Nd7+ Ka8 75. Kc7 {[%emt 0:00:03] Black did not feel at home in the position after the opening.  Weighted Error Value: White=0.05 (flawless) /Black=0.53} (75. Kc6 $142 Ka7 76. b6+ Ka6 77. b7 Ka5 78. b8=Q Ka4 79. Nc5+ Ka5 80. Qb6#) 1-0